 Dungeon Crawl Stone Soup version 0.22.1-57-g7394efd (webtiles) character file.

666 smallpebble the Cutter (level 7, 0/54 HPs)
             Began as a Human Berserker on Mar 21, 2019.
             Was a Priest of Trog.
             Succumbed to a worker ant's poison
             ... on level 4 of the Dungeon.
             The game lasted 00:36:04 (2735 turns).

smallpebble the Cutter (Human Berserker)            Turns: 2735, Time: 00:36:05

Health: 0/54       AC:  8    Str: 19    XL:     7   Next: 88%
Magic:  7/7        EV: 31    Int:  7    God:    Trog [***...]
Gold:   177        SH:  0    Dex: 18    Spells: 6/6 levels left

rFire    . . .     SeeInvis .   m - +4 short sword
rCold    . . .     Gourm    .   (no shield)
rNeg     . . .     Faith    .   y - +0 scale mail
rPois    .         Spirit   .   (no helmet)
rElec    .         Reflect  .   (no cloak)
rCorr    .         Harm     .   (no gloves)
MR       .....                  g - +0 pair of boots
Stlth    +.........             z - amulet of the acrobat
HPRegen  0.18/turn              (no ring)
MPRegen  0.10/turn              (no ring)

@: agile, lethally poisoned (0 -> -17)
A: no striking features
a: Berserk, Trog's Hand, Renounce Religion


You were on level 4 of the Dungeon.
You worshipped Trog.
Trog was most pleased with you.
You were not hungry.

You visited 1 branch of the dungeon, and saw 4 of its levels.

You collected 177 gold pieces.

Inventory:

Hand Weapons
 a - a +0 falchion
 k - a +2 vampiric dagger
 m - a +4 short sword (weapon)
 s - a +0 hunting sling
 w - a +0 blowgun
 A - a +0 club
 C - a +2 whip of chaos
 F - a +2 whip of distortion
 H - a +0 dagger of draining
 J - a +0 shortbow
Missiles
 t - 49 sling bullets
 u - 83 stones (quivered)
 B - 14 poisoned needles
 G - 8 curare-tipped needles
Armour
 b - a +0 animal skin
 g - a +0 pair of boots (worn)
 i - a +0 scale mail
 y - a +0 scale mail (worn)
Magical Staves
 D - an uncursed staff of fire
 I - an uncursed staff of death
Jewellery
 z - an amulet of the acrobat (around neck)
Scrolls
 c - a scroll of remove curse
 d - a scroll of magic mapping
 h - a scroll of amnesia {unknown}
 n - 2 scrolls of noise {unknown}
 o - 3 scrolls of enchant weapon
Potions
 e - a potion of lignification {unknown}
 f - a potion of degeneration {unknown}
 j - a potion of might {unknown}
 p - a potion of haste {unknown}
 v - a potion of heal wounds {unknown}
 E - a potion of flight {unknown}
Comestibles
 l - 2 rations


   Skills:
 + Level 4.2 Fighting
 + Level 4.5(5.2) Short Blades
 + Level 3.9(4.9) Long Blades
 + Level 4.4 Armour
 + Level 3.2 Dodging
 + Level 0.5 Stealth
 + Level 0.1 Evocations


You had 6 spell levels left.
You didn't know any spells.
Your spell library contained the following spells:

 Spells                   Type           Power        Failure   Level  Hunger
 Irradiate                Conj/Tmut      #.........   100%        5    ######.
 Hydra Form               Tmut           #.........   100%        6    #######
 Statue Form              Tmut/Erth      #........    100%        6    #######
 Dragon Form              Tmut           #.........   100%        7    #######


Dungeon Overview and Level Annotations

Branches:
Dungeon (4/15)
 Temple: D:4-7

Altars:


Message History

You hit the worker ant.
The worker ant is heavily wounded.
You feel sick. The worker ant bites you.
* * * LOW HITPOINT WARNING * * *
You closely miss the worker ant.
The worker ant is heavily wounded.
You feel sick. The worker ant bites you.
* * * LOW HITPOINT WARNING * * *
You are more poisoned.
The worker ant poisons you!
As you read the scroll of immolation, it crumbles to dust.
The creatures around you are filled with an inner flame!
You feel sick. The worker ant closely misses you. The worker ant bites you.
* * * LOW HITPOINT WARNING * * *
It was a potion of agility.
You feel agile all of a sudden.
Your skin stops crawling.
You feel less resistant to hostile enchantments.
* * * LOW HITPOINT WARNING * * *
You feel sick. The worker ant completely misses you.
You die...

#.
#.
#.
.##
..#
#.#
#a#
#$#
#@#
#.#
#.#
#.#
#.#
..#
###


You could see a worker ant (inner flame).

Vanquished Creatures
  The ghost of Rwicked the Digger, a novice GrEE (D:3)
  An ogre (D:4)
  2 big kobolds (D:3)
  An orc wizard (D:3)
  A worker ant (D:4)
  4 gnolls (D:2)
  5 adders
  An ooze (D:4)
  2 worms (D:2)
  A dart slug (D:1)
  5 orcs (D:3)
  7 bats (D:1)
  6 giant cockroaches
  9 goblins
  6 hobgoblins
  6 jackals
  10 kobolds
  2 quokkas (D:3)
  3 frilled lizards
  9 rats
82 creatures vanquished.

Notes
Turn   | Place    | Note
-------+----------+-------------------------------------------
     0 | D:1      | smallpebble the Human Berserker began the quest for the
                  | Orb.
     0 | D:1      | Reached XP level 1. HP: 18/18 MP: 1/1
   225 | D:1      | Reached XP level 2. HP: 19/24 MP: 2/2
   430 | D:1      | Reached XP level 3. HP: 29/29 MP: 3/3
   717 | D:2      | Reached XP level 4. HP: 23/35 MP: 4/4
  1087 | D:2      | Reached ** piety under Trog
  1359 | D:2      | Reached XP level 5. HP: 38/41 MP: 5/5
  1760 | D:3      | Reached skill level 1 in Short Blades
  2016 | D:3      | Found a runed gate.
  2016 | D:3      | Found a runed gate.
  2457 | D:3      | Reached XP level 6. HP: 41/48 MP: 6/6
  2471 | D:3      | Found a runed gate.
  2475 | D:3      | Noticed Rwicked's ghost (novice GrEE)
  2493 | D:3      | Killed Rwicked's ghost
  2493 | D:3      | Reached *** piety under Trog
  2493 | D:3      | Reached XP level 7. HP: 54/54 MP: 7/7
  2734 | D:4      | HP: 2/54 [poisoned by a worker ant]
  2735 | D:4      | Succumbed to a worker ant's poison

Skill      XL: |  1  2  3  4  5  6  7 |
---------------+----------------------+-----
Armour         | 3 4 |  4.4
Short Blades   | 2 3 4 |  4.5
Fighting       | 4 |  4.2
Dodging        | 3 |  3.2
Long Blades    | |  3.9
Stealth        | |  0.5
Evocations     | |  0.1

Action                   |  1- 3 |  4- 6 |  7- 9 || total
-------------------------+-------+-------+-------++-------
Melee: Falchion          |    26 |       |       ||    26
       Dagger            |    65 |    18 |       ||    83
       Short sword       |       |   136 |    49 ||   185
Invok: Berserk           |       |     1 |       ||     1
       Trog's Hand       |       |       |     1 ||     1
Evoke: Wand              |       |     3 |       ||     3
  Use: Scroll            |     1 |     8 |     3 ||    12
       Potion            |       |       |     1 ||     1
  Eat: Ration            |     1 |     2 |       ||     3
       Chunk             |       |     2 |       ||     2
Armor: Scale mail        |    42 |    56 |    24 ||   122
       Animal skin       |     4 |       |       ||     4
Dodge: Dodged            |    58 |    75 |    30 ||   163
       Rpst.: Falchion   |     3 |       |       ||     3
